 Dungeon Crawl Stone Soup version 0.24.0-35-gdb84b6a5db (webtiles) character file.

Game seed: 5216547761294968815, levelgen mode: deterministic

204 sking99 the Ruffian (level 5, -7/53 HPs)
             Began as an Ogre Transmuter on Nov 18, 2019.
             Asphyxiated
             ... on level 3 of the Dungeon.
             The game lasted 00:06:58 (3874 turns).

sking99 the Ruffian (Ogre Transmuter)               Turns: 3874, Time: 00:06:59

Health: -7/53      AC:  4    Str: 14    XL:     5   Next: 82%
Magic:  5/9        EV: 10    Int: 15    God:
Gold:   126        SH:  0    Dex:  9    Spells: 4/10 levels left

rFire    . . .     SeeInvis .     - Unarmed
rCold    . . .     Gourm    .   (no shield)
rNeg     . . .     Faith    .   b - +0 robe
rPois    .         Spirit   .   (helmet restricted)
rElec    .         Reflect  .   h - +0 cloak
rCorr    .         Harm     .   (gloves unavailable)
MR       .....                  (boots unavailable)
Stlth    +.........             (no amulet)
HPRegen  0.17/turn              (no ring)
MPRegen  0.11/turn              (no ring)

@: lethally poisoned (-7 -> -51), very slightly contaminated, slowed, very slow
A: large, unfitting armour, tough skin 1
a: no special abilities


You were on level 3 of the Dungeon.
You were very hungry.

You visited 1 branch of the dungeon, and saw 3 of its levels.

You collected 126 gold pieces.

Inventory:

Missiles
 a - 25 arrows
Armour
 b - a +0 robe (worn)
 h - a +0 cloak (worn)
 k - a +0 shield
Scrolls
 i - 8 scrolls of identify {unknown}
 j - 3 scrolls of remove curse {unknown}
 m - a scroll of fear {unknown}
 p - a scroll of magic mapping {unknown}
 q - a scroll of teleportation {unknown}
Potions
 e - a potion of resistance {unknown}
 f - a potion of degeneration {unknown}
 g - a potion of mutation {unknown}
 l - a potion of magic {unknown}
 n - a potion of agility
 o - 2 potions of haste {unknown}
Comestibles
 d - 4 rations


   Skills:
 + Level 3.0 Fighting
 - Level 2.1 Dodging
 * Level 3.8 Unarmed Combat
 - Level 3.0 Spellcasting
 - Level 3.2 Transmutations
 - Level 1.2 Poison Magic


You had 4 spell levels left.
You knew the following spells:

 Your Spells              Type           Power        Failure   Level  Hunger
a - Beastly Appendage     Tmut           ##....       5%          1    #......
b - Sticks to Snakes      Tmut           ##......     9%          2    ##.....
c - Spider Form           Tmut/Pois      #.........   24%         3    ###....

Your spell library contained the following spells:

 Spells                   Type           Power        Failure   Level  Hunger
 Ice Form                 Ice/Tmut       #.......     71%         4    #####..
 Blade Hands              Tmut           ##........   83%         5    ######.


Dungeon Overview and Level Annotations

Branches:
Dungeon (3/15)

Altars:
Gozag
Kikubaaqudgha

Annotations:
D:2 Sigmund
D:3 Ijyb


Innate Abilities, Weirdness & Mutations

You are too large for most types of armour.
You have tough skin. (AC +1)


Message History

You barely miss the ball python. The ball python completely misses you.
The ball python grabs you. The ball python constricts you.
The ball python closely misses you. The ball python constricts you.
You hit the ball python.
You kill the ball python!
The orc throws a curare-tipped dart.
The curare-tipped dart hits you.
You are lethally poisoned!
You have difficulty breathing.
* * * LOW HITPOINT WARNING * * *
You feel as though you will be slow longer.
You hit the rat.
You kill the rat!
Your transformation has ended.
Your +0 cloak unmelds from your body.
Your +0 robe unmelds from your body.
* * * LOW HITPOINT WARNING * * *
You feel very sick.
The orc throws a curare-tipped dart.
The curare-tipped dart hits you.
You are more poisoned.
You have difficulty breathing.
You die...

##.## #.# #.# #.# #.# #.#
#.# ##.##### #.# ##'#
#......# #.# #...#
#..###.# #.. .....#
####..# #.# ### ......#
#.....# #.# #
.......####....####.#####
......o)@................
.......###.....##.#.#.###
......# #.#........#.#..
.....# #....###.###.#.#
#...# ##.[.....# #.#.#
.... ###.##### #.... ##.
#.# ###.# # #.# #####o#
#.# #......


You could see an orc.

Vanquished Creatures
  An orc priest (D:3)
  2 orc wizards (D:3)
  Jessica (D:2)
  An adder (D:2)
  An ooze (D:3)
  3 worms
  3 dart slugs
  2 leopard geckos
  2 orcs (D:3)
  6 bats
  A giant cockroach (D:1)
  8 goblins
  6 hobgoblins
  3 jackals (D:2)
  A ball python (D:3)
  5 frilled lizards
  7 kobolds
  7 rats
60 creatures vanquished.

Vanquished Creatures (collateral kills)
  A goblin (D:2)
  A hobgoblin (D:2)
2 creatures vanquished.

Grand Total: 62 creatures vanquished

Notes
Turn   | Place    | Note
-------+----------+-------------------------------------------
     0 | D:1      | sking99 the Ogre Transmuter began the quest for the Orb.
     0 | D:1      | Reached XP level 1. HP: 19/19 MP: 3/3
   511 | D:1      | Reached XP level 2. HP: 20/28 MP: 5/5
  1206 | D:1      | Reached XP level 3. HP: 28/35 MP: 6/6
  1291 | D:1      | Learned a level 2 spell: Sticks to Snakes
  1295 | D:1      | Learned a level 3 spell: Spider Form
  2225 | D:2      | Reached XP level 4. HP: 42/42 MP: 8/8
  2228 | D:2      | Found a faded altar of an unknown god.
  2228 | D:2      | Noticed Sigmund
  2245 | D:2      | Noticed Jessica
  2268 | D:2      | Killed Jessica
  2268 | D:2      | Reached skill level 1 in Poison Magic
  2491 | D:2      | Found an ancient bone altar of Kikubaaqudgha.
  2758 | D:3      | Noticed Ijyb
  3264 | D:3      | Reached XP level 5. HP: 24/49 MP: 5/9
  3793 | D:3      | Found an opulent altar of Gozag.
  3874 | D:3      | HP: 1/53 [poisoned by orc (curare-tipped dart)]
  3874 | D:3      | Asphyxiated

Levels and vault maps discovered:
D:1:      sevenhm_arrival_forest_fort_large_4, layout_basic, st_stairs_4,
          palyth_stone_intersect
D:2:      layout_rooms, chequers_ecumenical_altar_simple_redux,
          kennysheep_flooded_box, chequers_garden, minmay_split_cup_small,
          uniq_sigmund, uniq_jessica
D:3:      layout_loops_corners, first_ration,
          nicolae_gozag_cash_rules_everything_around_me, uniq_ijyb

Skill      XL: |  1  2  3  4  5 |
---------------+----------------+-----
Dodging        | 2 |  2.1
Unarmed Combat | 3 |  3.8
Fighting       | 2 3 |  3.0
Transmutations | 2 3 |  3.2
Spellcasting   | 3 |  3.0
Poison Magic   | 1 |  1.2

Action                   |  1- 3 |  4- 6 || total
-------------------------+-------+-------++-------
Melee: Unarmed           |   161 |   101 ||   262
       Kick              |     4 |       ||     4
       Headbutt          |     2 |       ||     2
       Punch             |     1 |       ||     1
 Cast: Beastly Appendage |     4 |       ||     4
       Sticks to Snakes  |     1 |       ||     1
       Spider Form       |       |     3 ||     3
  Use: Potion            |       |     1 ||     1
  Eat: Chunk             |     4 |     5 ||     9
Armor: Robe              |    65 |    20 ||    85
       Skin              |       |     4 ||     4
Dodge: Dodged            |    81 |    64 ||   145
